 Dungeon Crawl Stone Soup version 0.30-a0-743-gbfdf073431 (webtiles) character file.

Game seed: 3285691745057895455

5500 boo the Cruncher (level 10, 0/91 HPs)
             Began as a Minotaur Gladiator on Feb 7, 2023.
             Was an Elder of Okawaru.
             Slain by a white ugly thing (24 damage)
             ... on level 9 of the Dungeon.
             The game lasted 00:14:48 (9840 turns).

boo the Cruncher (Minotaur Gladiator)               Turns: 9840, Time: 00:14:49

Health: 0/91       AC: 18    Str: 28    XL:     10   Next: 42%
Magic:  7/9        EV: 13    Int:  5    God:    Okawaru [****..]
Gold:   553        SH:  0    Dex: 13    Spells: 9/9 levels left

rFire   . . .      SeeInvis .    a - +0 quarterstaff
rCold   . . .      Faith    .    (shield currently unavailable)
rNeg    . . .      Spirit   .    y - +4 chain mail
rPois   +          Reflect  .    c - +0 hat
rElec   .          Harm     .    m - +0 cloak
rCorr   .          Rampage  .    (no gloves)
Will    .....                    (no boots) Stlth
                                 f - amulet of the acrobat
HPRegen 0.35/turn                i - +6 ring of strength
MPRegen 0.11/turn                w - ring of poison resistance

@: heroic
A: horns 2, retaliatory headbutt
a: Renounce Religion, Heroism, Finesse


You were on level 9 of the Dungeon.
You worshipped Okawaru.
Okawaru was greatly pleased with you.
You visited 2 branches of the dungeon, and saw 10 of its levels.
You also visited: Sewer and Ossuary.

You collected 553 gold pieces.

Inventory:

Hand Weapons
 a - a +0 quarterstaff (weapon)
Missiles
 d - 3 throwing nets (quivered)
Armour
 c - a +0 hat (worn)
 m - a +0 cloak (worn)
 y - a +4 chain mail (worn)
Jewellery
 f - an amulet of the acrobat (around neck)
 i - a +6 ring of strength (left hand)
 w - a ring of poison resistance (right hand)
 F - an amulet of faith
Wands
 b - a wand of digging (6)
 g - a wand of flame (34)
 j - a wand of mindburst (19)
 s - a wand of roots (15)
 t - a wand of quicksilver (11)
Scrolls
 h - 2 scrolls of enchant weapon
 k - 3 scrolls of blinking
 n - a scroll of teleportation
 o - a scroll of enchant armour
 u - 2 scrolls of fog
 v - 3 scrolls of magic mapping
Potions
 e - 2 potions of brilliance {unknown}
 l - 2 potions of lignification
 p - 3 potions of haste
 q - 6 potions of heal wounds
 r - 3 potions of might
 x - a potion of berserk rage {unknown}
 z - a potion of ambrosia {unknown}
 A - 2 potions of cancellation {unknown}
 B - 2 potions of resistance
 C - a potion of magic {unknown}
 E - 4 potions of curing


   Skills:
 + Level 9.6(14.6) Fighting
 * Level 13.6(18.6) Staves
 - Level 2.0(7.0) Throwing
 + Level 8.6(13.6) Armour
 - Level 4.5(9.5) Dodging


You had 9 spell levels left.
You didn't know any spells.
Your spell library contained the following spells:

 Spells                   Type           Power      Damage    Failure   Level
 Necrotise                Necr           0%         1d4       89%         1
 Dazzling Flash           Conj/Hex       0%         N/A       99%         3
 Inner Flame              Hex/Fire       0%         N/A       99%         3
 Vampiric Draining        Necr           0%         2d6       99%         3
 Cause Fear               Hex            0%         N/A       100%        4
 Agony                    Necr           0%         N/A       100%        5
 Alistair's Intoxication  Tmut/Pois      0%         N/A       100%        5
 Borgnjor's Vile Clutch   Necr/Erth      0%         N/A       100%        5
 Silence                  Hex/Air        0%         N/A       100%        5
 Eringya's Noxious Bog    Tmut/Pois      0%         N/A       100%        6
 Discord                  Hex            0%         N/A       100%        8


Dungeon Overview and Level Annotations

Branches:
Dungeon (9/15)             Temple (1/1) D:4           Sewer (visited)
Ossuary (visited)
   Lair: D:8-11         Orc: D:9-12

Altars:
Cheibriados
Dithmenos
Elyvilon
Fedhas
Gozag
Hepliaklqana
Makhleb
Nemelex Xobeh
Okawaru
Qazlal
Ru
Sif Muna
Trog
Uskayaw
Vehumet
Wu Jian
Xom
Yredelemnul
Zin
The Shining One

Annotations:
D:6 1 runed translucent door, Crazy Yiuf
D:8 exclusion: 2 downstairs


Innate Abilities, Weirdness & Mutations

You have a pair of horns on your head.
You reflexively headbutt those who attack you in melee.


Message History

The orc completely misses you.
Things that are here:
a +0 flail; an orc corpse You hit the orc.
You headbutt the orc.
You kill the orc!
Okawaru accepts your kill.
The howler monkey hoots and howls with incredible vigour!
You hear a horrible gurgling sound!
You hear a shout!
Things that are here:
a +0 falchion; an orc corpse
Things that are here:
a +0 flail; an orc corpse The howler monkey misses you.
You barely miss the howler monkey.
You headbutt the howler monkey, but do no damage.
You hit the howler monkey.
The howler monkey is lightly wounded.
You feel like a meek peon again.
The howler monkey hits you but does no damage.
You hit the howler monkey.
The howler monkey is heavily wounded.
The howler monkey hoots and howls with incredible vigour!
You hear a croak.
You hear a bellow! x2
You bludgeon the howler monkey!!
You kill the howler monkey!
Okawaru accepts your kill. The white ugly thing misses you.
You gain the combat prowess of a mighty hero.
You can no longer enter into single combat with a foe.
Okawaru will no longer gift you equipment.
The white ugly thing stings you! The white ugly thing freezes you!!
* * * LOW HITPOINT WARNING * * *
You thump the white ugly thing!
The white ugly thing is moderately wounded.
You sock the white ugly thing!
The white ugly thing is moderately wounded.
The white ugly thing stings you.
* * * LOW HITPOINT WARNING * * *
The white ugly thing freezes you!!
You die...

.#$..#..................#
..#...#.................#
...#...#g....).........>#
........................#
#...[...[.............#
###.........)...........#
..#.....................#
..'.........u...........#
..#....))..o.@..........# .
#....?(.............<.#
#....)##############..#
#.....# #8###_# ##.#
#.....###8...8...8###.#
#+####......##.........###.#
............#_.........>#..#
...........###.........#####
...........###8...8...8##


You could see a white ugly thing, an orc warrior and a gnoll sergeant.

Vanquished Creatures
  A tengu conjurer (D:9)
  A troll (D:9)
  A vampire (D:8)
  9 yaks (D:8)
  A wraith (D:8)
  A steam dragon (D:6)
  Edmund (D:5)
  An orc warrior (D:9)
  A water moccasin (D:5)
  5 ice beasts
  2 black bears
  4 centaurs
  A phantom (D:6)
  2 kobold brigands (D:8)
  4 bullfrogs
  3 scorpions
  A gnoll sergeant (D:7)
  10 killer bees
  7 howler monkeys
  2 gnoll boudas
  2 orc priests (D:8)
  A hound (D:4)
  A jelly (Sewer)
  Jessica (D:3)
  3 iguanas
  4 mummies (Ossuary)
  8 gnolls
  9 adders
  2 river rats (Sewer)
  A shadow imp (D:7)
  3 white imps
  3 ufetubi
  9 worms
  3 dart slugs
  14 orcs
  2 bats (D:3)
  12 endoplasms
  5 giant cockroaches
  3 hobgoblins
  8 jackals
  A quokka (D:1)
  8 ball pythons
  2 frilled lizards (Sewer)
  2 gnoll zombies (Ossuary)
  6 goblins
  A hobgoblin zombie (Ossuary)
  6 kobolds
  4 kobold zombies (Ossuary)
  An orc zombie (Ossuary)
  10 rats
193 creatures vanquished.

Notes
Turn   | Place    | Note
-------+----------+-------------------------------------------
     0 | D:1      | boo the Minotaur Gladiator began the quest for the Orb.
     0 | D:1      | Reached XP level 1. HP: 18/18 MP: 0/0
   159 | D:1      | Reached skill level 4 in Staves
   218 | D:1      | Reached XP level 2. HP: 25/25 MP: 1/1
  1481 | D:2      | Found a shimmering altar of Xom.
  1717 | D:3      | Reached XP level 3. HP: 29/31 MP: 2/2
  1734 | D:3      | Found a glowing drain.
  1750 | Sewer    | Entered a sewer
  1866 | Sewer    | Reached skill level 5 in Staves
  1866 | Sewer    | Reached XP level 4. HP: 29/38 MP: 3/3
  1987 | Sewer    | Reached XP level 5. HP: 46/46 MP: 4/4
  2011 | Sewer    | Found a viscous altar of Jiyva.
  2108 | D:3      | Noticed Jessica
  2112 | D:3      | Killed Jessica
  2418 | D:3      | Reached skill level 6 in Staves
  3286 | D:4      | Reached XP level 6. HP: 53/53 MP: 5/5
  3289 | D:4      | Reached skill level 1 in Armour
  3710 | D:4      | Reached skill level 7 in Staves
  3862 | D:4      | Found a staircase to the Ecumenical Temple.
  4278 | Temple   | Entered the Ecumenical Temple
  4553 | Temple   | Became a worshipper of Warmaster Okawaru
  4619 | D:5      | Entered Level 5 of the Dungeon
  4626 | D:5      | Found an ornate altar of the Wu Jian Council.
  4702 | D:5      | Reached XP level 7. HP: 60/60 MP: 6/6
  4720 | D:5      | Reached skill level 5 in Fighting
  4823 | D:5      | Reached * piety under Okawaru
  5158 | D:5      | Found a sand-covered staircase.
  5165 | Ossuary  | Entered an ossuary
  5183 | Ossuary  | Reached skill level 8 in Staves
  5588 | D:5      | Noticed Edmund
  5604 | D:5      | Killed Edmund
  5907 | D:6      | Reached XP level 8. HP: 54/70 MP: 7/7
  6078 | D:6      | Reached ** piety under Okawaru
  6079 | D:6      | Reached skill level 9 in Staves
  6629 | D:6      | Reached skill level 5 in Armour
  6735 | D:6      | Found a runed translucent door.
  6736 | D:6      | Noticed Crazy Yiuf
  7039 | D:6      | Reached skill level 10 in Staves
  7492 | D:7      | Reached XP level 9. HP: 48/79 MP: 8/8
  8041 | D:7      | Reached *** piety under Okawaru
  8052 | D:7      | Reached skill level 11 in Staves
  8776 | D:8      | Reached **** piety under Okawaru
  8777 | D:8      | Reached skill level 12 in Staves
  9062 | D:9      | Found a basalt altar of Yredelemnul.
  9072 | D:9      | Noticed a troll
  9080 | D:9      | Killed a troll
  9081 | D:9      | Reached XP level 10. HP: 80/90 MP: 9/9
  9086 | D:9      | Noticed a white ugly thing
  9240 | D:9      | Noticed a deep elf pyromancer
  9508 | D:8      | Reached skill level 13 in Staves
  9547 | D:8      | Reached ***** piety under Okawaru
  9730 | D:9      | Found a shimmering altar of Xom.
  9731 | D:9      | Found a blossoming altar of Fedhas.
  9821 | D:9      | Received a gift from Okawaru
  9840 | D:9      | Slain by a white ugly thing

Illustrated notes

Levels and vault maps discovered:
D:1:      pf_arrival_petrified_forest, layout_loops_cross,
          minmay_parallelograms, minivault_14, corexii_leaking_fountain,
          hangedman_decor_slide_cut
D:2:      layout_basic, basic_altar
D:3:      kennysheep_six_static_rooms, layout_basic,
          cheibrodos_sewer_entry_bend, hangedman_feature_mirror, uniq_jessica
D:4:      layout_basic, lemuel_temple_firewalk_b,
          eino_small_chamber_without_monster, nicolae_wormholes
D:5:      layout_basic, nzn_wu_jian_council_hall, chequers_ossuary_entry_cave,
          minivault_26, st_stairs_11, uniq_edmund
D:6:      layout_layer_cave, uniq_crazy_yiuf_cottage
D:7:      layout_cave_pools, eino_jars
D:8:      kennysheep_blocky_hall, layout_basic
D:9:      cheibrodos_fzero, layout_gridville, gammafunk_temple_overflow_wave,
          nicolae_overflow_hidden_temple, wad_hexagon
Temple:   compressed_dpeg_triangle_lava_temple

Skill      XL: |  1  2  3  4  5  6  7  8  9 10 |
---------------+-------------------------------+-----
Staves         | 4 5 6 7 8 10 12 13 | 13.6
Fighting       | 3 4 6 7 8 9 |  9.6
Dodging        | 4 |  4.5
Armour         | 2 4 5 7 8 |  8.6
Throwing       | |  2.0

Action                     |  1- 3 |  4- 6 |  7- 9 | 10-12 || total
---------------------------+-------+-------+-------+-------++-------
  Melee: Quarterstaff      |    84 |   128 |   269 |    95 ||   576
         Headbutt          |    10 |    21 |    57 |    25 ||   113
 Invoke: Heroism           |       |       |       |     3 ||     3
    Use: Scroll            |       |       |    15 |     2 ||    17
         Potion            |       |       |       |     2 ||     2
 Armour: Leather armour    |    10 |       |       |       ||    10
         Ring mail         |    11 |     8 |       |       ||    19
         Chain mail        |       |    49 |   117 |    65 ||   231
  Dodge: Dodged            |    58 |    96 |   142 |   101 ||   397

Table legend: (Time is in decaauts)
 A = Elapsed time spent in this place.
 B = Non-inter-level travel time spent in this place.
 C = Inter-level travel time spent in this place.
 D = Time resting spent in this place.
 E = Time spent auto-exploring this place.
 F = Levels seen in this place.
 G = Mean time per level.
                   A        B        C        D        E       F      G
               +--------+--------+--------+--------+--------+-----+--------+
         Total |   9804 |   9200 |    604 |   1365 |   6392 |  12 |  817.0 |
       Dungeon |   8933 |   8339 |    594 |   1235 |   5906 |   9 |  992.6 |
        Temple |    285 |    275 |     10 |      0 |    247 |   1 |  285.0 |
         Sewer |    343 |    343 |      0 |     66 |    140 |   1 |  343.0 |
       Ossuary |    241 |    241 |      0 |     64 |     99 |   1 |  241.0 |
               +--------+--------+--------+--------+--------+-----+--------+

Top non-repeatable levels by time:
     D:6: 1439 daAuts
     D:3: 1375 daAuts
     D:8: 1237 daAuts
     D:7: 1032 daAuts
     D:5: 970 daAuts
     D:4: 948 daAuts
     D:2: 914 daAuts
     D:1: 791 daAuts
   Sewer: 343 daAuts
  Temple: 285 daAuts
 Ossuary: 241 daAuts
     D:9: 224 daAuts
